 Dungeon Crawl Stone Soup version 0.21.1-1-g345015f (webtiles) character file.

760 shayl the Skirmisher (level 7, -2/55 HPs)
             Began as a Demonspawn Abyssal Knight on May 18, 2018.
             Was a Priest of Lugonu.
             Killed by divine providence
             ... invoked by an orc priest
              (16 damage)
             ... on level 5 of the Dungeon.
             The game lasted 00:42:46 (6109 turns).

shayl the Skirmisher (Demonspawn Abyssal Knight)    Turns: 6109, Time: 00:42:46

Health: -2/55      AC:  4    Str: 12 (15) XL:     7   Next: 51%
Magic:  8/8        EV: 12    Int: 11 (13) God:    Lugonu [***...]
Gold:   19         SH:  6    Dex:  9 (12) Spells: 6/6 levels left

rFire    + . .     SeeInvis .   w - +2 short sword (venom)
rCold    . . .     Gourm    .   (no shield)
rNeg     + . .     Faith    .   K - +0 leather armour {rN+}
rPois    +         Spirit   .   m - +0 helmet
rElec    .         Reflect  .   (no cloak)
rCorr    .         Harm     .   (no gloves)
MR       +....                  (no boots)
Stlth    +++.......             (no amulet)
HPRegen  0.18/turn              p - ring of poison resistance
MPRegen  0.11/turn              E - ring of protection from magic

@: no status effects
A: hooves 1, large bone plates 2, fire resistance 1, nightstalker 2
a: Depart the Abyss, Bend Space, Banish, Renounce Religion


You were on level 5 of the Dungeon.
You worshipped Lugonu.
Lugonu was most pleased with you.
You were not hungry.

You visited 1 branch of the dungeon, and saw 5 of its levels.
You visited the Abyss 1 time.

You collected 236 gold pieces.
You spent 217 gold pieces at shops.

Inventory:

Hand Weapons
 a - a +1 spear
 h - a +0 club
 j - a cursed -2 club
 o - a +0 spear
 s - a +0 hunting sling
 w - a +2 short sword of venom (weapon)
 z - a +0 blowgun
 J - the +2 whip "Cefyxtea" {chaos, *Corrode rElec rC- Int+9, unknown}
   (You found it on level 4 of the Dungeon)

   Each time it hits an enemy it has a different, random effect.
   It affects your intelligence (+9).
   It makes you vulnerable to cold.
   It insulates you from electricity.
   It may corrode you when you take damage.
 M - a +0 morningstar of flaming
 O - a +0 falchion of slicing
Missiles
 g - 87 sling bullets
 t - 121 stones (quivered)
 A - 14 poisoned needles
Armour
 b - a +0 leather armour
 e - a +0 scale mail
 m - a +0 helmet (worn)
 B - a +0 chain mail
 I - a +0 plate armour
 K - a +0 leather armour of positive energy (worn)
Magical Staves
 y - an uncursed staff of fire
Jewellery
 d - an uncursed ring of magical power
 p - a ring of poison resistance (left hand)
 C - an uncursed ring of protection from fire
 E - a ring of protection from magic (right hand)
 F - an uncursed ring of positive energy {unknown}
 H - an uncursed ring of ice {unknown}
Scrolls
 i - a scroll of fog {unknown}
 r - a scroll of enchant armour {unknown}
 u - 2 scrolls of remove curse
 v - a scroll of enchant weapon {unknown}
 G - a scroll of amnesia {unknown}
 L - a scroll of identify
Potions
 f - a potion of brilliance {unknown}
 k - a potion of degeneration
 l - a potion of heal wounds {unknown}
 n - a potion of berserk rage
 q - a potion of magic {unknown}
 x - a potion of mutation {unknown}
 D - a potion of experience {unknown}
Comestibles
 c - 12 rations
 N - 2 chunks of flesh


   Skills:
 + Level 4.9 Fighting
 + Level 3.5 Short Blades
 + Level 0.6 Maces & Flails
 + Level 3.3 Polearms
 + Level 3.4 Armour
 + Level 2.6 Dodging
 + Level 1.8 Stealth
 + Level 2.6 Invocations


You had 6 spell levels left.
You didn't know any spells.

Dungeon Overview and Level Annotations

Branches:
Dungeon (5/15)             Temple (0/1) D:5

Altars:
Cheibriados
Nemelex Xobeh

Shops:
D:5 =(


Innate Abilities, Weirdness & Mutations

You have large cloven feet.
You are mostly covered in large bone plates. (SH +6)
Your flesh is heat resistant. (rF+)
You are significantly more attuned to the shadows.


Message History

You block the orc wizard's attack.
A frilled lizard comes into view.
The frilled lizard hisses angrily.
You closely miss the orc wizard.
The orc wizard is almost dead.
You block the orc wizard's attack.
The orc wizard hits you with a falchion.
* * * LOW HITPOINT WARNING * * *
The orc priest casts a cantrip, but nothing happens.
The orc wizard gestures wildly while chanting.
The orc wizard blinks!
Lugonu accepts your kill.
You feel a bit more experienced.
You see here a stone.
It was a potion of degeneration.
There was something very wrong with that liquid.
You feel weakened.
You feel dopey.
You feel clumsy.
The orc priest calls down the wrath of Beogh upon you.
Beogh smites you!
You die...

..# #.# ..######## #.#
.........# #.#
....####'#### #.#
....#.......####.##
....#.......#.....#####
....'...>...'.##(.....#
....#.......###(.######
....#.......#...@#
#...####'#######(#
.......[..<# #o#
...........## #o#
............####)####
..........#....lo...#
....>.............<.#
..........#.........#
...............(....#


You could see 2 orc priests, an orc (berserk) and a frilled lizard.

Vanquished Creatures
  An ogre (D:5)
  3 scorpions
  A jelly (D:5)
  2 orc wizards
  An orc priest (D:5)
  A bullfrog skeleton (D:5)
  A centaur skeleton (D:4)
  4 worker ants
  A hound skeleton (D:3)
  6 gnolls (D:4)
  3 adders
  2 shadow imps
  3 oozes
  An adder skeleton (D:4)
  3 worms (D:2)
  6 dart slugs
  4 leopard geckos
  13 orcs
  9 giant cockroaches
  11 goblins
  7 hobgoblins
  A quokka (D:3)
  2 ball pythons
  8 bats
  9 frilled lizards
  A jackal zombie (D:5)
  11 kobolds
  8 rats
123 creatures vanquished.

Notes
Turn   | Place    | Note
-------+----------+-------------------------------------------
     0 | Abyss:1  | shayl the Demonspawn Abyssal Knight began the quest for the Orb.
     0 | Abyss:1  | Reached XP level 1. HP: 18/18 MP: 2/2
    70 | Abyss:1  | Noticed a large abomination
    73 | D:1      | Escaped the Abyss
   450 | D:1      | Gained mutation: You have large cloven feet. [demonic ancestry]
   450 | D:1      | Reached XP level 2. HP: 20/24 MP: 3/3
   643 | D:1      | Reached * piety under Lugonu
   660 | D:1      | Reached skill level 1 in Dodging
  1004 | D:1      | Gained mutation: You are slightly more attuned to the shadows. [demonic ancestry]
  1004 | D:1      | Reached XP level 3. HP: 30/30 MP: 4/4
  1672 | D:2      | Found a sparkling altar of Nemelex Xobeh.
  1746 | D:2      | Gained mutation: You are partially covered in large bone plates. (SH +4) [demonic ancestry]
  1746 | D:2      | Reached XP level 4. HP: 36/37 MP: 5/5
  2006 | D:2      | Reached skill level 4 in Fighting
  2010 | D:2      | Reached ** piety under Lugonu
  2108 | D:2      | Found a snail-covered altar of Cheibriados.
  2302 | D:2      | Found a faded altar of an unknown god.
  3355 | D:3      | Gained mutation: Your flesh is heat resistant. (rF+) [demonic ancestry]
  3355 | D:3      | Reached XP level 5. HP: 42/42 MP: 6/6
  3945 | D:4      | Noticed a phantom
  4239 | D:4      | Reached skill level 1 in Short Blades
  4239 | D:4      | Reached skill level 1 in Stealth
  4462 | D:4      | Gained mutation: You are mostly covered in large bone plates. (SH +6) [demonic ancestry]
  4462 | D:4      | Reached XP level 6. HP: 49/49 MP: 7/7
  5183 | D:4      | Got a slimy whip
  5251 | D:5      | Entered Level 5 of the Dungeon
  5442 | D:5      | Found a staircase to the Ecumenical Temple.
  5476 | D:5      | Reached *** piety under Lugonu
  5476 | D:5      | Gained mutation: You are significantly more attuned to the shadows. [demonic ancestry]
  5476 | D:5      | Reached XP level 7. HP: 44/55 MP: 8/8
  5595 | D:5      | Found Ebipp's Antique Weapon Emporium.
  5602 | D:5      | Bought a runed morningstar for 217 gold pieces
  5652 | D:5      | Found Xolieff's Jewellery Boutique.
  6109 | D:5      | Killed from afar by an orc priest

Skill      XL: |  1  2  3  4  5  6  7 |
---------------+----------------------+-----
Armour         | 2 3 |  3.4
Polearms       | 2 3 |  3.3
Dodging        | 1 2 |  2.6
Fighting       | 4 |  4.9
Short Blades   | 1 2 3 |  3.5
Stealth        | 1 |  1.8
Maces & Flails | |  0.6
Invocations    | |  2.6

Action                   |  1- 3 |  4- 6 |  7- 9 || total
-------------------------+-------+-------+-------++-------
Melee: Spear             |   126 |    94 |       ||   220
       Kick              |    20 |    63 |    14 ||    97
       Short sword       |       |   128 |    32 ||   160
       Staff             |       |     5 |       ||     5
       Morningstar       |       |       |    13 ||    13
Throw: Stone             |       |     4 |       ||     4
Invok: Depart the Abyss  |     1 |       |       ||     1
       Bend Space        |       |     1 |       ||     1
  Use: Scroll            |     5 |     5 |       ||    10
       Potion            |       |       |     1 ||     1
 Stab: Sleeping          |     1 |     2 |       ||     3
       Distracted        |       |     1 |     1 ||     2
  Eat: Ration            |     1 |     3 |       ||     4
       Chunk             |       |     3 |       ||     3
Armor: Leather armour    |    30 |    30 |     3 ||    63
Dodge: Dodged            |    53 |   127 |    26 ||   206
Block: Other             |       |    39 |    13 ||    52
